 Dungeon Crawl Stone Soup version 0.17-a0-2055-gb4e23be (webtiles) character file.

19 radek the Charmwright (level 2, 0/20 HPs)
             Began as a High Elf Skald on Oct 11, 2015.
             Slain by a kobold
             ... wielding a +0 short sword
              (7 damage)
             ... on level 2 of the Dungeon.
             The game lasted 00:07:18 (987 turns).

radek the Charmwright (High Elf Skald)               Turns: 987, Time: 00:07:18

Health: 0/20       AC:  3    Str: 11    XL:     2   Next: 55%
Magic:  6/6        EV:  9    Int: 15    God:
Gold:   121        SH:  0    Dex: 14    Spells: 1 memorised, 5 levels left

rFire  . . .     SeeInvis .     a - +0 falchion
rCold  . . .     Clarity  .     t - +0 robe
rNeg   . . .     SustAt   .     (no shield)
rPois  .         Gourm    .     (no helmet)
rElec  .         Spirit   .     r - +0 cloak
rCorr  .         Warding  .     (no gloves)
rMut   .         Stasis   .     (no boots)
MR     .....                    (no amulet)
Stlth  +.........               (no ring)
                                j - -3 ring of evasion (curse)

@: not resistant to hostile enchantments, very unstealthy
A: no striking features
a: no special abilities


You were on level 2 of the Dungeon.
You were not hungry.

You visited 1 branch of the dungeon, and saw 2 of its levels.

You collected 121 gold pieces.

Inventory:

Hand Weapons
 a - a +0 falchion (weapon)
 k - a +0 dagger
 y - a +0 lajatang
Missiles
 i - a throwing net (quivered)
Armour
 b - a +0 leather armour
 h - a +0 chain mail
 p - a +0 robe
 r - a +0 cloak (worn)
 t - a +0 robe (worn)
Jewellery
 j - a cursed -3 ring of evasion (left hand)
Scrolls
 e - a scroll of recharging {unknown}
 f - a scroll of remove curse {unknown}
 l - a scroll of fog {unknown}
 m - a scroll of noise {unknown}
 q - a scroll of enchant armour {unknown}
 v - a scroll of identify {unknown}
Potions
 g - 2 potions of curing {unknown}
 o - a potion of agility {unknown}
 s - 2 potions of cure mutation {unknown}
 u - a potion of brilliance {unknown}
Books
 c - a book of Battle

   Spells                             Type                      Level
   a - Infusion                       Charms                       1
   b - Shroud of Golubria             Charms/Translocation         2
   c - Song of Slaying                Charms                       2
   d - Spectral Weapon                Hexes/Charms                 3
   e - Regeneration                   Charms/Necromancy            3
Miscellaneous
 n - a plain deck of destruction
Comestibles
 d - a bread ration
 w - a meat ration
 x - 3 chunks of flesh


   Skills:
 + Level 2.3 Fighting
 + Level 2.5 Long Blades
 + Level 1.2 Armour
 + Level 1.2 Dodging
 + Level 2.6 Spellcasting
 + Level 3.9 Charms


You had 5 spell levels left.
You knew the following spells:

 Your Spells              Type           Power        Failure   Level  Hunger
a - Infusion              Chrm           ##....       4%          1    #......


Dungeon Overview and Level Annotations

Branches:
Dungeon (2/15)

Altars:
Nemelex Xobeh


Message History

You butcher the goblin corpse.
x - 3 chunks of flesh (gained 1)
Things that are here:
a lajatang; a goblin skeleton
y - a lajatang
There is an escape hatch in the ceiling here.
You see here a stone.
Items here: ( ))) †† You see here a stone.
A kobold comes into view. It is wielding a short sword.
The kobold shouts!
The kobold throws a stone.
The stone hits you.
You see here a stone.
The kobold throws a stone.
The stone hits you but does no damage.
You see here a stone.
The kobold throws a stone.
The stone barely misses you. The kobold hits you with a short sword.
You barely miss the kobold. The kobold hits you but does no damage.
You hit the kobold but do no damage. The kobold hits you with a short sword!
You die...

#.##..#
###.#...).###.####.#####
#.##..#
#.#...>.....#.........
#.##..#
#.#...#.#####.##.##...
#.##..# #.......#
#.##.##..# #.##..#
#.##.##.# #.##......
..##..# #.......###
#.#####..# #.....#
#.##...... #........#
#.##### ##(#####.#
########.. #.#
#%.(..@K.# ### .##
#.#####.## ## #. ... ..
.#.# ##. .#.# #. .. . #.
.# # ##


You could see a kobold.

Vanquished Creatures
  A worm (D:2)
  2 hobgoblins (D:2)
  2 kobolds (D:1)
  A ball python (D:2)
  A bat (D:2)
  A giant newt (D:2)
  7 goblins
  2 rats (D:2)
17 creatures vanquished.

Notes
Turn   | Place    | Note
--------------------------------------------------------------
     0 | D:1      | radek the High Elf Skald began the quest for the Orb.
     0 | D:1      | Reached XP level 1. HP: 14/14 MP: 4/4
   128 | D:1      | Found a sparkling altar of Nemelex Xobeh.
   168 | D:1      | Reached skill level 1 in Armour
   555 | D:2      | Reached XP level 2. HP: 12/19 MP: 6/6
   987 | D:2      | Slain by a kobold

Vault maps used:
D:1:      scummos_arrival_star, minmay_misc_feat_x, nemelex_deck
D:2:      uniq_robin, uniq_natasha, uniq_sigmund

Action                   || total
-------------------------++-------
Melee: Falchion          ||    63
Throw: Throwing net      ||     1
